APP
MIAMI (APP) MARLINS @ KINGSPORT METS
10/24/2046
 
TOP OF THE 1ST
Philadelphia (APP) Phillies batting - Pitching for Miami (APP) Marlins : RHP Alohi Kuaika
Pitching: RHP Alohi Kuaika
Batting: RHB Harvey Harvey 0-0: Ball
1-0: Ball
2-0: Ground out 6-3 (Groundball, 6M, EV 105.0 MPH)
Batting: LHB Charlie Cook 0-0: Ball
1-0: Called Strike
1-1: Foul Ball, location: 2F
1-2: Ground out 4-3 (Groundball, 4, EV 102.5 MPH)
Batting: LHB Joel Urquiza 0-0: Foul Ball, location: 2F
0-1: Foul Ball, location: 2F
0-2: Ball
1-2: SOLO HOME RUN (Flyball, 9D, EV 99.4 MPH), Distance : 368 ft
Batting: RHB John Gray 0-0: Called Strike
0-1: Called Strike
0-2: Foul Ball, location: 2F
0-2: Ball
1-2: Foul Ball, location: 2F
1-2: Ball
2-2: SINGLE (Line Drive, 78M, EV 91.3 MPH)
Batting: RHB David Rivera 0-0: Called Strike
0-1: Foul Ball, location: 2F
0-2: Ball
John Gray steals 2nd base
1-2: Strikes out swinging
Top of the 1st over - 1 run, 2 hits, 0 errors, 1 left on base; Philadelphia (APP) 1 - Miami (APP) 0
BOTTOM OF THE 1ST
Miami (APP) Marlins batting - Pitching for Philadelphia (APP) Phillies : RHP Julio Bernal
Pitching: RHP Julio Bernal
Batting: RHB Lu Tieh 0-0: Ball
1-0: Ball
2-0: Called Strike
2-1: Ball
3-1: SINGLE (Groundball, 56, EV 99.4 MPH) (infield hit)
Batting: RHB Ben Jezak 0-0: Called Strike
0-1: Swinging Strike
0-2: Ball
Wild Pitch!
Lu Tieh to second
1-2: Foul Ball, location: 2F
1-2: Ball
2-2: Strikes out swinging
Batting: SHB Matt Altieri 0-0: Ball
1-0: Ball
2-0: Called Strike
2-1: Fly out, F8 (Flyball, 89M, EV 91.3 MPH)
Batting: RHB Kurt Wagner 0-0: Ball
1-0: Foul Ball, location: 2F
1-1: Ball
2-1: SINGLE (Groundball, 56D, EV 99.4 MPH)
Lu Tieh to third
Runner from 3rd tries for Home, SAFE, no throw by LF
Batting: LHB Tom Wleklinski 0-0: Ball
Kurt Wagner is caught stealing 2nd base 2-6
Bottom of the 1st over - 1 run, 2 hits, 0 errors, 0 left on base; Philadelphia (APP) 1 - Miami (APP) 1
TOP OF THE 2ND
Philadelphia (APP) Phillies batting - Pitching for Miami (APP) Marlins : RHP Alohi Kuaika
Batting: RHB Kiyoshi Okazaki 0-0: Ball
1-0: Foul Ball, location: 2F
1-1: Ground out 6-3 (Groundball, 6, EV 102.5 MPH)
Batting: RHB Rafael Pena 0-0: Called Strike
0-1: Called Strike
0-2: Ground out 6-3 (Groundball, 56, EV 104.4 MPH)
Batting: RHB Jose Andrade 0-0: Fly out, F5 (Popup, 5SF, EV 76.9 MPH)
Top of the 2nd over - 0 runs, 0 hits, 0 errors, 0 left on base; Philadelphia (APP) 1 - Miami (APP) 1
BOTTOM OF THE 2ND
Miami (APP) Marlins batting - Pitching for Philadelphia (APP) Phillies : RHP Julio Bernal
Batting: LHB Tom Wleklinski 0-0: Ball
1-0: Ball
2-0: Called Strike
2-1: SINGLE (Groundball, 25, EV 63.8 MPH) (infield hit)
Batting: LHB D.J. White 0-0: Called Strike
0-1: Fly out, F8 (Line Drive, 8LM, EV 95.0 MPH)
Batting: RHB Nate Stephenson 0-0: Grounds into double play, 5-4-3 (Groundball, 5, EV 87.5 MPH)
Bottom of the 2nd over - 0 runs, 1 hit, 0 errors, 0 left on base; Philadelphia (APP) 1 - Miami (APP) 1
TOP OF THE 3RD
Philadelphia (APP) Phillies batting - Pitching for Miami (APP) Marlins : RHP Alohi Kuaika
Batting: RHB Julio Bernal 0-0: Called Strike
0-1: Ball
1-1: Swinging Strike
1-2: Ball
2-2: Strikes out looking
Batting: RHB Harvey Harvey 0-0: Ground out 3-1 (Groundball, 34, EV 102.5 MPH)
Batting: LHB Charlie Cook 0-0: Called Strike
0-1: Called Strike
0-2: Strikes out swinging
Top of the 3rd over - 0 runs, 0 hits, 0 errors, 0 left on base; Philadelphia (APP) 1 - Miami (APP) 1
BOTTOM OF THE 3RD
Miami (APP) Marlins batting - Pitching for Philadelphia (APP) Phillies : RHP Julio Bernal
Batting: RHB Mario Navarro 0-0: Called Strike
0-1: Called Strike
0-2: Foul Ball, location: 2F
0-2: Reached on error, E6 (Groundball, 6, EV 78.8 MPH)
Batting: RHB Alohi Kuaika 0-0: Bunted foul
0-1: Sac Bunt to P - play at first, batter OUT! 1-4
Mario Navarro to second
Batting: RHB Lu Tieh 0-0: Ground out 6-3 (Groundball, 6, EV 80.6 MPH)
Mario Navarro to third
Batting: RHB Ben Jezak 0-0: Ball
1-0: Called Strike
1-1: Ball
2-1: Ball
3-1: Foul Ball, location: 2F
3-2: Ground out 5-3 (Groundball, 5L, EV 84.4 MPH)
Bottom of the 3rd over - 0 runs, 0 hits, 1 error, 1 left on base; Philadelphia (APP) 1 - Miami (APP) 1
TOP OF THE 4TH
Philadelphia (APP) Phillies batting - Pitching for Miami (APP) Marlins : RHP Alohi Kuaika
Batting: LHB Joel Urquiza 0-0: Called Strike
0-1: Ball
1-1: Foul Ball, location: 2F
1-2: Ball
2-2: Foul Ball, location: 2F
2-2: Ball
3-2: DOUBLE (Line Drive, 8LXD, EV 105.0 MPH)
Batting: RHB John Gray 0-0: Called Strike
0-1: Ball
1-1: Swinging Strike
1-2: Foul Ball, location: 2F
1-2: Strikes out swinging
Batting: RHB David Rivera 0-0: Swinging Strike
0-1: Called Strike
0-2: Fly out, F8 (Flyball, 8LD, EV 98.8 MPH)
Batting: RHB Kiyoshi Okazaki 0-0: Swinging Strike
0-1: Ball
1-1: SINGLE (Line Drive, 56, EV 96.3 MPH)
Joel Urquiza to third
Batting: RHB Rafael Pena 0-0: Ball
1-0: Ball
2-0: Called Strike
2-1: Ball
3-1: Called Strike
3-2: Base on Balls
Kiyoshi Okazaki to second
Batting: RHB Jose Andrade 0-0: Ball
1-0: Called Strike
1-1: Swinging Strike
1-2: Strikes out swinging
Top of the 4th over - 0 runs, 2 hits, 0 errors, 3 left on base; Philadelphia (APP) 1 - Miami (APP) 1
BOTTOM OF THE 4TH
Miami (APP) Marlins batting - Pitching for Philadelphia (APP) Phillies : RHP Julio Bernal
Batting: SHB Matt Altieri 0-0: Ball
1-0: Called Strike
1-1: Ball
2-1: Ball
3-1: Foul Ball, location: 2F
3-2: Strikes out looking
Batting: RHB Kurt Wagner 0-0: Swinging Strike
0-1: Ball
1-1: Ball
2-1: Ball
3-1: Swinging Strike
3-2: SINGLE (Flyball, 6MD, EV 96.9 MPH)
Batting: LHB Tom Wleklinski 0-0: Ball
1-0: Ball
Kurt Wagner steals 2nd base
2-0: Ball
3-0: Called Strike
3-1: Foul Ball, location: 2F
3-2: Foul Ball, location: 2F
3-2: Base on Balls
Batting: LHB D.J. White 0-0: Ball
1-0: Ball
2-0: Fielders Choice at 2nd, 4-6 (Groundball, 4D, EV 110.0 MPH)
Kurt Wagner to third
Batting: RHB Nate Stephenson 0-0: Ball
1-0: Called Strike
1-1: Ball
2-1: Ball
3-1: Called Strike
3-2: Strikes out swinging
Bottom of the 4th over - 0 runs, 1 hit, 0 errors, 2 left on base; Philadelphia (APP) 1 - Miami (APP) 1
TOP OF THE 5TH
Philadelphia (APP) Phillies batting - Pitching for Miami (APP) Marlins : RHP Alohi Kuaika
Batting: RHB Julio Bernal 0-0: Called Strike
0-1: Ground out 5-3 (Groundball, 56, EV 88.1 MPH)
Batting: RHB Harvey Harvey 0-0: Foul Ball, location: 2F
0-1: Ground out 6-3 (Groundball, 6M, EV 85.0 MPH)
Batting: LHB Charlie Cook 0-0: Ball
1-0: Ground out 1-3 (Groundball, 13, EV 81.9 MPH)
Top of the 5th over - 0 runs, 0 hits, 0 errors, 0 left on base; Philadelphia (APP) 1 - Miami (APP) 1
BOTTOM OF THE 5TH
Miami (APP) Marlins batting - Pitching for Philadelphia (APP) Phillies : RHP Julio Bernal
Batting: RHB Mario Navarro 0-0: Swinging Strike
0-1: Swinging Strike
0-2: Ball
1-2: DOUBLE (Flyball, 8LXD, EV 93.1 MPH)
Batting: RHB Alohi Kuaika 0-0: Sac Bunt to 13S - play at first, batter OUT! 1-4
Mario Navarro to third
Batting: RHB Lu Tieh 0-0: Swinging Strike
0-1: Foul Ball, location: 2F
0-2: Foul Ball, location: 2F
0-2: Ball
1-2: Strikes out swinging
Batting: RHB Ben Jezak 0-0: Ball
1-0: Ball
2-0: Called Strike
2-1: Foul Ball, location: 2F
2-2: Strikes out swinging
Bottom of the 5th over - 0 runs, 1 hit, 0 errors, 1 left on base; Philadelphia (APP) 1 - Miami (APP) 1
TOP OF THE 6TH
Philadelphia (APP) Phillies batting - Pitching for Miami (APP) Marlins : RHP Alohi Kuaika
Batting: LHB Joel Urquiza 0-0: Called Strike
0-1: Ball
1-1: Foul Ball, location: 2F
1-2: Ball
2-2: Strikes out swinging
Batting: RHB John Gray 0-0: DOUBLE (Flyball, 78XD, EV 104.4 MPH)
Batting: RHB David Rivera 0-0: Ball
1-0: Foul Ball, location: 2F
1-1: Called Strike
1-2: Strikes out looking
Pitching: RHP Ju-ao Wa
Batting: RHB Kiyoshi Okazaki 0-0: Ball
1-0: Foul Ball, location: 2F
1-1: Ball
2-1: Ball
3-1: SINGLE (Groundball, 4MD, EV 101.9 MPH)
John Gray to third
Batting: RHB Rafael Pena 0-0: Ball
1-0: Ball
2-0: Ball
3-0: Base on Balls
Kiyoshi Okazaki to second
Batting: RHB Jose Andrade 0-0: Ball
1-0: SINGLE (Groundball, 34D, EV 96.3 MPH)
John Gray scores
Kiyoshi Okazaki to third
Rafael Pena to second
Pinch Hitting: RHB Robert Anderson 0-0: Called Strike
0-1: DOUBLE (Line Drive, 8LXD, EV 100.6 MPH)
Kiyoshi Okazaki scores
Rafael Pena scores
Jose Andrade to third
Batting: RHB Harvey Harvey 0-0: Ball
1-0: Ball
2-0: Ball
3-0: Called Strike
3-1: Base on Balls
Batting: LHB Charlie Cook 0-0: Ball
1-0: Ball
2-0: Swinging Strike
2-1: Foul Ball, location: 2F
2-2: Ball
3-2: Ground out 4-3 (Groundball, 4, EV 102.5 MPH)
Top of the 6th over - 3 runs, 4 hits, 0 errors, 3 left on base; Philadelphia (APP) 4 - Miami (APP) 1
BOTTOM OF THE 6TH
Miami (APP) Marlins batting - Pitching for Philadelphia (APP) Phillies : RHP Julio Bernal
Pitching: RHP Michel Burdon
Batting: SHB Matt Altieri 0-0: Called Strike
0-1: Ball
1-1: Ball
2-1: Swinging Strike
2-2: Foul Ball, location: 2F
2-2: Strikes out looking
Batting: RHB Kurt Wagner 0-0: Ball
1-0: Ground out 6-3 (Groundball, 6, EV 102.5 MPH)
Batting: LHB Tom Wleklinski 0-0: Called Strike
0-1: Ball
1-1: Swinging Strike
1-2: Foul Ball, location: 2F
1-2: Ball
2-2: Ground out 6-3 (Groundball, 6M, EV 83.1 MPH)
Bottom of the 6th over - 0 runs, 0 hits, 0 errors, 0 left on base; Philadelphia (APP) 4 - Miami (APP) 1
TOP OF THE 7TH
Philadelphia (APP) Phillies batting - Pitching for Miami (APP) Marlins : RHP Ju-ao Wa
Pitching: RHP Ted Payne
Batting: LHB Joel Urquiza 0-0: Swinging Strike
0-1: Foul Ball, location: 2F
0-2: Strikes out swinging
Batting: RHB John Gray 0-0: Called Strike
0-1: Fly out, F9 (Flyball, 9D, EV 108.1 MPH)
Batting: RHB David Rivera 0-0: Called Strike
0-1: Foul Ball, location: 2F
0-2: Ball
1-2: Ball
2-2: Ground out 1-3 (Groundball, P, EV 85.6 MPH)
Top of the 7th over - 0 runs, 0 hits, 0 errors, 0 left on base; Philadelphia (APP) 4 - Miami (APP) 1
BOTTOM OF THE 7TH
Miami (APP) Marlins batting - Pitching for Philadelphia (APP) Phillies : RHP Michel Burdon
Batting: LHB D.J. White 0-0: Ball
1-0: Called Strike
1-1: Foul Ball, location: 2F
1-2: Foul Ball, location: 2F
1-2: Ground out 1-3 (Groundball, 13S, EV 63.1 MPH)
Batting: RHB Nate Stephenson 0-0: Ball
1-0: Called Strike
1-1: Ball
2-1: Fly out, F7 (Flyball, 78M, EV 81.9 MPH)
Batting: RHB Mario Navarro 0-0: SINGLE (Groundball, 34D, EV 104.4 MPH)
Pinch Hitting: LHB Larry Shumate 0-0: Ball
1-0: Ball
2-0: SINGLE (Groundball, 56D, EV 106.9 MPH)
Mario Navarro to second
Batting: RHB Lu Tieh 0-0: Ball
1-0: Ball
2-0: Fly out, F4 (Popup, 34D, EV 66.3 MPH)
Bottom of the 7th over - 0 runs, 2 hits, 0 errors, 2 left on base; Philadelphia (APP) 4 - Miami (APP) 1
TOP OF THE 8TH
Philadelphia (APP) Phillies batting - Pitching for Miami (APP) Marlins : RHP Ted Payne
Pitching: RHP Chia-kang Chuko
Batting: RHB Kiyoshi Okazaki 0-0: Ball
1-0: Foul Ball, location: 2F
1-1: Called Strike
1-2: Strikes out swinging
Batting: RHB Rafael Pena 0-0: SINGLE (Groundball, 6MD, EV 99.4 MPH)
Pitching: RHP Tim Mills
Batting: RHB Jose Andrade 0-0: Ball
1-0: Foul Ball, location: 2F
1-1: Fly out, F3 (Popup, 34S, EV 81.9 MPH)
Pinch Hitting: RHB Carlos Horn 0-0: Called Strike
0-1: Called Strike
0-2: Ball
1-2: Strikes out swinging
Top of the 8th over - 0 runs, 1 hit, 0 errors, 1 left on base; Philadelphia (APP) 4 - Miami (APP) 1
BOTTOM OF THE 8TH
Miami (APP) Marlins batting - Pitching for Philadelphia (APP) Phillies : RHP Michel Burdon
Pitching: RHP Armando Avila
Batting: RHB Ben Jezak 0-0: Called Strike
0-1: Ball
1-1: Ball
2-1: Ball
3-1: Foul Ball, location: 2F
3-2: Ground out 5-3 (Groundball, 56, EV 85.0 MPH)
Batting: SHB Matt Altieri 0-0: Called Strike
0-1: Ball
1-1: Ball
2-1: Ball
3-1: Base on Balls
Batting: RHB Kurt Wagner 0-0: Ball
1-0: Ball
2-0: Fly out, F8 (Flyball, 8LM, EV 91.9 MPH)
Batting: LHB Tom Wleklinski 0-0: Swinging Strike
0-1: Foul Ball, location: 2F
0-2: Ball
1-2: Ball
2-2: Foul Ball, location: 2F
2-2: Foul Ball, location: 2F
2-2: Ball
3-2: Base on Balls
Matt Altieri to second
Batting: LHB D.J. White 0-0: Swinging Strike
0-1: Called Strike
0-2: Foul Ball, location: 2F
0-2: Ball
1-2: Strikes out looking
Bottom of the 8th over - 0 runs, 0 hits, 0 errors, 2 left on base; Philadelphia (APP) 4 - Miami (APP) 1
TOP OF THE 9TH
Philadelphia (APP) Phillies batting - Pitching for Miami (APP) Marlins : RHP Tim Mills
Pitching: RHP Marvin Watts
Batting: RHB Harvey Harvey 0-0: Called Strike
0-1: Ball
1-1: Ball
2-1: Ball
3-1: Ground out 6-3 (Groundball, 6M, EV 108.1 MPH)
Batting: LHB Charlie Cook 0-0: Called Strike
0-1: SINGLE (Groundball, 3L, EV 104.4 MPH)
Batting: LHB Joel Urquiza 0-0: Ball
1-0: Called Strike
1-1: Ball
2-1: Ball
3-1: Fly out, F8 (Line Drive, 8RM, EV 98.8 MPH)
Batting: RHB John Gray 0-0: Ball
1-0: Fielders Choice at 2nd, 5-4 (Groundball, 56, EV 83.8 MPH)
Top of the 9th over - 0 runs, 1 hit, 0 errors, 1 left on base; Philadelphia (APP) 4 - Miami (APP) 1
BOTTOM OF THE 9TH
Miami (APP) Marlins batting - Pitching for Philadelphia (APP) Phillies : RHP Armando Avila
Pitching: RHP Ryan English
Batting: RHB Nate Stephenson 0-0: Ball
1-0: Called Strike
1-1: Ball
2-1: Ball
3-1: Called Strike
3-2: Base on Balls
Batting: RHB Mario Navarro 0-0: Called Strike
0-1: Ball
1-1: Ball
2-1: Swinging Strike
2-2: Ball
3-2: Base on Balls
Nate Stephenson to second
Pinch Hitting: RHB Mike Rutter 0-0: Ball
1-0: Ball
2-0: Foul Ball, location: 2F
2-1: Ground out 3-1 (Groundball, 34S, EV 66.9 MPH)
Nate Stephenson to third
Mario Navarro to second
Batting: RHB Lu Tieh 0-0: Called Strike
0-1: Called Strike
0-2: Foul Ball, location: 2F
0-2: Ball
Wild Pitch!
Nate Stephenson scores
Mario Navarro to third
1-2: Ball
2-2: Ball
3-2: Base on Balls
Pinch Hitting: LHB C.J. Travis 0-0: Ball
1-0: Foul Ball, location: 2F
1-1: Foul Ball, location: 2F
1-2: Strikes out swinging
Batting: SHB Matt Altieri 0-0: Hit by Pitch
Lu Tieh to second
Batting: RHB Kurt Wagner 0-0: Called Strike
0-1: Ball
1-1: Foul Ball, location: 2F
1-2: Strikes out looking
Bottom of the 9th over - 1 run, 0 hits, 0 errors, 3 left on base; Philadelphia (APP) 4 - Miami (APP) 2
Tuesday, September 13th , 2022 - OOTP Baseball 23.7 Build 88